 Dungeon Crawl Stone Soup version 0.28-a0-1286-g6bde065e89 (webtiles) character file.

Game seed: 6433046872689272970

333 rogsnak the Conjurer (level 6, -2/42 HPs)
             Began as a Demonspawn Air Elementalist on Dec 26, 2021.
             Killed from afar by Blork the orc (5 damage)
             ... with a magic dart
             ... on level 4 of the Dungeon.
             The game lasted 00:06:23 (4460 turns).

rogsnak the Conjurer (Demonspawn Air Elementalist)  Turns: 4460, Time: 00:06:23

Health: -2/42      AC:  4    Str:  8    XL:     6   Next: 27%
Magic:  11/11      EV: 12    Int: 19    God:
Gold:   165        SH:  0    Dex: 13    Spells: 3/11 levels left

rFire   . . .      SeeInvis .   n - +1 dagger (venom)
rCold   . . .      Faith    .   (no shield)
rNeg    . . .      Spirit   .   a - +0 robe
rPois   .          Reflect  .   h - +0 helmet
rElec   .          Harm     .   (no cloak)
rCorr   .          Rampage  .   q - +0 pair of gloves
Will    .....                   (no boots)
Stlth   ++........              (no amulet)
HPRegen 0.14/turn               (no ring)
MPRegen 0.12/turn               (no ring)

@: no status effects
A: claws 1, ignite blood 1, demonic magic 2
a: no special abilities


You were on level 4 of the Dungeon.
You visited 1 branch of the dungeon, and saw 4 of its levels.

You collected 165 gold pieces.

Inventory:

Hand Weapons
 b - a +0 club
 e - a +0 long sword
 g - a +0 dagger of draining
 k - a +1 dagger of flaming
 n - a +1 dagger of venom (weapon)
Armour
 a - a +0 robe (worn)
 h - a +0 helmet (worn)
 q - a +0 pair of gloves (worn)
Wands
 o - a wand of iceblast (11)
Scrolls
 c - a scroll of enchant weapon {unknown}
 l - a scroll of identify {unknown}
 m - a scroll of silence {unknown}
 p - a scroll of amnesia {unknown}
Potions
 d - a potion of flight {unknown}
 f - a potion of heal wounds {unknown}
 i - a potion of might {unknown}
 j - a potion of haste {unknown}


   Skills:
 + Level 0.8 Fighting
 + Level 2.1 Dodging
 - Level 1.7 Stealth
 + Level 3.4 Spellcasting
 * Level 4.1 Conjurations
 + Level 4.0 Air Magic


You had 3 spell levels left.
You knew the following spells:

 Your Spells              Type           Power      Damage    Failure   Level
a - Shock                 Conj/Air       72%        1d7       2%          1
b - Swiftness             Air            18%        N/A       9%          3
c - Airstrike             Air            9%         N/A       28%         4

Your spell library contained the following spells:

 Spells                   Type           Power      Damage    Failure   Level
 Static Discharge         Conj/Air       18%        N/A       4%          2


Dungeon Overview and Level Annotations

Branches:
Dungeon (4/15)
 Temple: D:4-7

Altars:
Xom
Yredelemnul

Annotations:
D:4 Blork the orc, Pikel


Innate Abilities, Weirdness & Mutations

You have sharp fingernails.
Your demonic aura sometimes causes spilled blood to erupt in flames.
Spells you cast may paralyse nearby enemies.


Message History

The zap hits Blork the orc.
Blork the orc is lightly wounded.
Malevolent energies surge around you.
Casting: Shock (safe; 2% risk of failure)
Confirm with . or Enter, or press ? or * to list all spells.
Aiming: Shock (safe; 2% risk of failure)
Press: ? - help, Shift-Dir - straight line, f/p - Blork the orc
Aim: Blork the orc, wielding a +0 trident of venom and wearing a +0 robe (lightly wounded, 75% to hit)
The zap hits Blork the orc.
Blork the orc is moderately wounded.
Malevolent energies surge around you. Blork the orc completely misses you.
Casting: Shock (safe; 2% risk of failure)
Confirm with . or Enter, or press ? or * to list all spells.
Aiming: Shock (safe; 2% risk of failure)
Press: ? - help, Shift-Dir - straight line, f/p - Blork the orc
Aim: Blork the orc, wielding a +0 trident of venom and wearing a +0 robe (moderately wounded, 75% to hit)
The zap hits Blork the orc.
Blork the orc is moderately wounded.
Malevolent energies surge around you.
Blork the orc hits you from afar with a +0 trident of venom!
Unknown command.
Blork the orc gestures at you while chanting.
The puff of frost hits you!
Blork the orc points at you and mumbles some strange words.
The magic dart hits you!
Blork the orc grins evilly.
Blork the orc looks angry.
Blork the orc gestures at you while chanting.
The puff of flame misses you.
Blork the orc casts a spell.
Blork the orc seems to speed up.
Blork the orc points at you and mumbles some strange words.
The puff of flame hits you!
* * * LOW HITPOINT WARNING * * *
Blork the orc points at you and mumbles some strange words.
The magic dart hits you.
* * * LOW HITPOINT WARNING * * *
Blork the orc points at you and mumbles some strange words.
The magic dart hits you.
You die...

......#..###........##
....###...#..........##
.....#..#.............##
..>..#..##o............#
.......####............#
.......# ##............#
.......# #............#
.......# ##...........#
....o..# #...@....####
.......# ##......### #
.......# ######..<### ##
..)....# ##....### ##.
.......# ##....†### #..
.).....# ##......####.
.......# #........##.
......## ##..#.......
......# ##..##.....


You could see Blork the orc (fast).

Vanquished Creatures
  An ogre (D:4)
  A water moccasin skeleton (D:4)
  An orc priest (D:4)
  An iguana (D:3)
  6 adders
  An adder skeleton (D:4)
  5 dart slugs
  6 orcs
  8 ball pythons
  6 bats
  4 endoplasms
  2 giant cockroaches
  6 goblins
  10 hobgoblins
  3 jackals (D:1)
  4 quokkas
  5 kobolds
  4 rats (D:1)
74 creatures vanquished.

Notes
Turn   | Place    | Note
-------+----------+-------------------------------------------
     0 | D:1      | rogsnak the Demonspawn Air Elementalist began the quest for
                  | the Orb.
     0 | D:1      | Reached XP level 1. HP: 13/13 MP: 3/3
   345 | D:1      | Gained mutation: Your demonic aura sometimes causes spilled
                  | blood to erupt in flames. [demonic ancestry]
   345 | D:1      | Reached XP level 2. HP: 19/19 MP: 3/5
   972 | D:1      | Reached XP level 3. HP: 24/24 MP: 1/6
  1036 | D:1      | Found a faded altar of an unknown god.
  1280 | D:2      | Found a shimmering altar of Xom.
  2333 | D:3      | Gained mutation: Spells you cast may paralyse adjacent
                  | enemies. [demonic ancestry]
  2333 | D:3      | Reached XP level 4. HP: 31/31 MP: 5/7
  3498 | D:3      | Gained mutation: You have sharp fingernails. [demonic
                  | ancestry]
  3498 | D:3      | Reached XP level 5. HP: 27/36 MP: 4/9
  3699 | D:4      | Found a basalt altar of Yredelemnul.
  3870 | D:4      | Noticed an ogre
  3876 | D:4      | Learned a level 3 spell: Swiftness
  3881 | D:4      | Learned a level 4 spell: Airstrike
  3892 | D:4      | Killed an ogre
  3893 | D:4      | Gained mutation: Spells you cast may paralyse nearby
                  | enemies. [demonic ancestry]
  3893 | D:4      | Reached XP level 6. HP: 42/42 MP: 7/11
  4390 | D:4      | Noticed Pikel
  4415 | D:4      | Noticed Blork the orc
  4460 | D:4      | Killed from afar by Blork the orc

Illustrated notes

Levels and vault maps discovered:
D:1:      scummos_arrival_simple_crosswalls, layout_basic,
          hellmonk_ecumenical_altar_arch_garden
D:2:      layout_basic, basic_altar
D:3:      layout_basic, minmay_tree_intersection, hangedman_decor_push,
          minmay_unequal
D:4:      layout_cave_pods, mainiacjoe_overflow_paths, uniq_blork_the_orc,
          uniq_pikel

Skill      XL: |  1  2  3  4  5  6 |
---------------+-------------------+-----
Dodging        | 2 |  2.1
Air Magic      | 3 4 |  4.0
Conjurations   | 2 3 4 |  4.1
Spellcasting   | 3 |  3.4
Fighting       | |  0.8
Stealth        | |  1.7

Action                   |  1- 3 |  4- 6 || total
-------------------------+-------+-------++-------
Melee: Club              |    11 |       ||    11
       Unarmed           |     2 |       ||     2
       Dagger            |       |    17 ||    17
       Long sword        |       |     1 ||     1
 Cast: Shock             |    84 |    77 ||   161
 Stab: Paralysed         |       |     8 ||     8
Armor: Robe              |    11 |     2 ||    13
Dodge: Dodged            |    20 |     9 ||    29

Table legend: (Time is in decaauts)
 A = Elapsed time spent in this place.
 B = Non-inter-level travel time spent in this place.
 C = Inter-level travel time spent in this place.
 D = Time resting spent in this place.
 E = Time spent auto-exploring this place.
 F = Levels seen in this place.
 G = Mean time per level.
                   A        B        C        D        E       F      G
               +--------+--------+--------+--------+--------+-----+--------+
         Total |   4461 |   4412 |     49 |    268 |   3539 |   4 | 1115.2 |
       Dungeon |   4461 |   4412 |     49 |    268 |   3539 |   4 | 1115.2 |
               +--------+--------+--------+--------+--------+-----+--------+

Top non-repeatable levels by time:
     D:3: 1321 daAuts
     D:1: 1230 daAuts
     D:2: 1019 daAuts
     D:4: 891 daAuts
